 Dungeon Crawl Stone Soup version 0.21.1-1-g345015f (webtiles) character file.

279 shakethe the Shield-Bearer (level 6, -1/47 HPs)
             Began as a Formicid Fighter on Feb 7, 2018.
             Succumbed to Ratty's ghost's poison
             ... on level 4 of the Dungeon.
             The game lasted 00:04:44 (3794 turns).

shakethe the Shield-Bearer (Formicid Fighter)       Turns: 3794, Time: 00:04:44

Health: -1/47      AC:  6    Str: 21    XL:     6   Next: 52%
Magic:  6/6        EV:  8    Int:  7    God:
Gold:   153        SH: 10    Dex: 12    Spells: 5/5 levels left

rFire    . . .     SeeInvis +   q - +4 hand axe
rCold    . . .     Gourm    .   c - +0 shield
rNeg     . . .     Faith    .   b - +0 scale mail
rPois    .         Spirit   .   (helmet unavailable)
rElec    .         Reflect  .   (no cloak)
rCorr    .         Harm     .   (no gloves)
MR       .....                  (no boots)
Stlth    +.........             (no amulet)
HPRegen  0.15/turn              i - ring of stealth
MPRegen  0.10/turn              (no ring)

@: lethally poisoned (-1 -> -15)
A: permanent stasis, dig shafts and tunnels, four strong arms, antennae 3
a: Dig, Shaft Self


You were on level 4 of the Dungeon.
You were not hungry.

You visited 1 branch of the dungeon, and saw 4 of its levels.

You collected 153 gold pieces.

Inventory:

Hand Weapons
 a - a +0 war axe
 q - a +4 hand axe (weapon)
Armour
 b - a +0 scale mail (worn)
 c - a +0 shield (worn)
Jewellery
 i - a ring of stealth (left hand)
Scrolls
 e - 2 scrolls of remove curse {unknown}
 g - 4 scrolls of identify {unknown}
 h - a scroll of amnesia {unknown}
 j - a scroll of random uselessness {unknown}
 l - a scroll of teleportation {unknown}
 m - a scroll of enchant weapon {unknown}
 o - a scroll of blinking {unknown}
Potions
 d - 2 potions of might
 k - a potion of magic {unknown}
 p - a potion of agility {unknown}
 r - a potion of mutation {unknown}
Comestibles
 f - 4 rations
 n - 3 chunks of flesh


   Skills:
 - Level 3.2 Fighting
 + Level 4.7 Axes
 - Level 3.2 Armour
 + Level 6.3 Shields


You had 5 spell levels left.
You didn't know any spells.

Dungeon Overview and Level Annotations

Branches:
Dungeon (4/15)
 Temple: D:4-7

Altars:
Elyvilon
Fedhas
Okawaru

Annotations:
D:4 Ratty's ghost, novice CeMo


Innate Abilities, Weirdness & Mutations

You cannot be hasted, slowed, berserked, paralysed or teleported.
You can dig through walls and to a lower floor.
Your four strong arms can wield two-handed weapons with a shield.
You have a pair of large antennae on your head. (SInv)


Message History

You feel sick. Ratty's ghost stares at you.
You feel sick.
You feel sick.
You feel sick. Ratty's ghost hits you.
* * * LOW HITPOINT WARNING * * *
You are lethally poisoned!
* * * LOW HITPOINT WARNING * * *
You feel sick.
* * * LOW HITPOINT WARNING * * *
You feel sick.
* * * LOW HITPOINT WARNING * * *
You feel sick.
* * * LOW HITPOINT WARNING * * *
You feel sick.
* * * LOW HITPOINT WARNING * * *
You feel sick.
* * * LOW HITPOINT WARNING * * *
You feel sick.
You die...

#####.# #.# #......._... ......#
#.# #.###...⌠.....⌠ ####### #.#
#............. #.# #.#.#.#.#.# #
#.# #.......... ## ####.#
####.####.!.. .## ##.##.#
##.##.# ....
..####...#.#########...#.##.....
..'.............@.Wo......'.....
..####...######........#.##.....
.## #..## #.#####.#...# .... ##
#.## #.# .....#.# ..> # #.# #.#
.##.#...# .. # #.# #.## #.#####
+ #.. #.# #.# ## #.. ..# ###


You could see Ratty's ghost and an orc.

Vanquished Creatures
  Terence (D:2)
  A worker ant (D:4)
  Natasha (thrice) (D:3)
  A gnoll (D:3)
  6 adders
  An ooze (D:2)
  2 worms
  A dart slug (D:2)
  3 leopard geckos
  2 orcs (D:3)
  A ball python (D:1)
  6 giant cockroaches
  6 goblins
  13 hobgoblins
  3 jackals (D:3)
  6 kobolds
  A quokka (D:2)
  6 bats
  8 frilled lizards
  7 rats
78 creatures vanquished.

Notes
Turn   | Place    | Note
-------+----------+-------------------------------------------
     0 | D:1      | shakethe the Formicid Fighter began the quest for the Orb.
     0 | D:1      | Reached XP level 1. HP: 18/18 MP: 1/1
   179 | D:1      | Reached XP level 2. HP: 24/24 MP: 2/2
   228 | D:1      | Reached skill level 4 in Shields
   725 | D:2      | Reached XP level 3. HP: 29/29 MP: 3/3
  1005 | D:2      | Noticed Terence
  1020 | D:2      | Killed Terence
  1020 | D:2      | Reached XP level 4. HP: 17/35 MP: 4/4
  1307 | D:2      | Reached skill level 5 in Shields
  1816 | D:2      | Reached XP level 5. HP: 27/41 MP: 5/5
  2417 | D:3      | Noticed Natasha
  2426 | D:3      | Killed Natasha
  2653 | D:3      | Found an iron altar of Okawaru.
  2746 | D:3      | Noticed Natasha
  2913 | D:3      | Killed Natasha
  2913 | D:3      | Reached skill level 6 in Shields
  2913 | D:3      | Reached XP level 6. HP: 22/47 MP: 6/6
  3086 | D:3      | Found a blossoming altar of Fedhas.
  3309 | D:3      | Noticed Natasha
  3325 | D:3      | Killed Natasha
  3773 | D:4      | Noticed Ratty's ghost (novice CeMo)
  3774 | D:4      | Found a white marble altar of Elyvilon.
  3792 | D:4      | HP: 2/47 [poisoned by Ratty's ghost]
  3794 | D:4      | Succumbed to Ratty's ghost's poison

Skill      XL: |  1  2  3  4  5 |
---------------+----------------+-----
Shields        | 4 5 6 |  6.3
Axes           | 3 4 |  4.7
Fighting       | |  3.2
Armour         | |  3.2

Action                   |  1- 3 |  4- 6 || total
-------------------------+-------+-------++-------
Melee: War axe           |    85 |   157 ||   242
       Hand axe          |       |    37 ||    37
  Eat: Chunk             |       |    10 ||    10
Armor: Scale mail        |    46 |    80 ||   126
Dodge: Dodged            |    28 |    57 ||    85
Block: Shield            |    49 |   132 ||   181
